 Dungeon Crawl Stone Soup version 0.27.1-2-g3b301248ec (webtiles) character file.

Game seed: 13983533811525100535

79 vvl the Stinger (level 4, -2/28 HPs)
             Began as an Octopode Venom Mage on Sept 29, 2021.
             Was an Initiate of Makhleb.
             Slain by an orc (10 damage)
             ... on level 3 of the Dungeon.
             The game lasted 00:04:20 (2362 turns).

vvl the Stinger (Octopode Venom Mage)               Turns: 2362, Time: 00:04:20

Health: -2/28      AC:  1    Str:  8    XL:     4   Next: 37%
Magic:  2/7        EV: 13    Int: 17    God:    Makhleb [......]
Gold:   103        SH:  0    Dex: 12    Spells: 6/7 levels left

rFire    . . .     SeeInvis .     - Unarmed
rCold    . . .     Faith    .   (no shield)
rNeg     . . .     Spirit   .   (helmet restricted)
rPois    .         Reflect  .   (no amulet)
rElec    .         Harm     .   (no ring)
rCorr    .         Rampage  .   (no ring)
Will     .....                  (no ring)
Stlth    +++.......             (no ring)
HPRegen  0.09/turn              (no ring)
MPRegen  0.10/turn              (no ring)
                                (no ring)
                                (no ring)

@: no status effects
A: almost no armour, amphibious, 8 rings, camouflage 1, gelatinous body 1,
(nimble swimmer 1), tentacles
a: Renounce Religion


You were on level 3 of the Dungeon.
You worshipped Makhleb.
Makhleb was noncommittal.
You visited 1 branch of the dungeon, and saw 3 of its levels.

You collected 103 gold pieces.

Inventory:

Scrolls
 c - a scroll of immolation
 g - a scroll of holy word
 h - a scroll of magic mapping
Potions
 a - a potion of flight {unknown}
 b - 2 potions of heal wounds {unknown}
 d - 2 potions of mutation {unknown}
 f - 3 potions of attraction {unknown}


   Skills:
 + Level 1.2 Fighting
 + Level 2.5 Dodging
 - Level 3.0 Stealth
 + Level 1.2 Unarmed Combat
 + Level 2.4 Spellcasting
 + Level 1.7 Transmutations
 + Level 4.0 Poison Magic
 + Level 0.3 Invocations


You had 6 spell levels left.
You knew the following spells:

 Your Spells              Type           Power      Damage    Failure   Level
a - Sting                 Tmut/Pois      44%        1d5       6%          1

Your spell library contained the following spells:

 Spells                   Type           Power      Damage    Failure   Level
 Poisonous Vapours        Pois/Air       16%        N/A       12%         2
 Mephitic Cloud           Conj/Pois/Air  6%         N/A       32%         3
 Olgreb's Toxic Radiance  Pois           15%        N/A       34%         4


Dungeon Overview and Level Annotations

Branches:
Dungeon (3/15)

Altars:
Makhleb

Shops:
D:1 [


Innate Abilities, Weirdness & Mutations

You cannot wear most types of armour.
You are amphibious.
You can wear up to eight rings at the same time.
Your skin changes colour to match your surroundings (Stealth+).
Your rubbery body absorbs attacks. (AC +1, EV +1)
((You are camouflaged near water. (Stealth+)))
You have tentacles for arms and can constrict up to eight enemies at once.


Message History

The sting hits the orc but does no damage.
The orc is poisoned.
The orc hits you with a +0 dagger.
You tentacle-slap the orc but do no damage.
Your grab misses the orc. You squeeze the orc, but do no damage.
The orc is lightly wounded.
The orc looks more healthy.
The sting hits the orc.
The orc is poisoned.
The orc is heavily wounded.
You tentacle-slap the orc.
You kill the orc!
Makhleb accepts your kill.
The sting misses the orc.
The sting hits the orc but does no damage.
The orc looks even sicker.
The orc is heavily wounded.
The orc completely misses you.
You barely miss the orc. Your grab misses the orc. The orc closely misses you.
The orc throws a silver boomerang.
The silver boomerang hits you.
You kill the orc!
Makhleb accepts your kill.
Casting: Sting (safe; 6% risk of failure)
Confirm with . or Enter, or press ? or * to list all spells.
Aiming: Sting (safe; 6% risk of failure)
Press: ? - help, Shift-Dir - straight line, f/p - orc
Aim: an orc, wielding a +0 short sword and wearing a +0 ring mail (75% to hit)
The sting hits the orc but does no damage.
The orc is poisoned.
The orc hits you with a +0 short sword.
You tentacle-slap the orc but do no damage.
You grab the orc.
The orc is almost dead.
You constrict the orc, but do no damage.
The orc hits you with a +0 short sword.
* * * LOW HITPOINT WARNING * * *
The orc completely misses you.
You tentacle-slap the orc but do no damage.
The orc is almost dead.
You constrict the orc, but do no damage.
The orc barely misses you. The orc hits you with a +0 flail!
You die...

#.# # #.#
######.# ##
#......# #.
##.###..###.
#........#.#
##..###...#.#
............##
##..#...@....#
# ###.oo###...
#..###...# #
#........#
#######)##
##...##
#.....#
...........#
###.........#


You could see 2 orcs.

Vanquished Creatures
  2 adders (D:2)
  2 worms (D:2)
  A dart slug (D:1)
  3 orcs (D:3)
  4 ball pythons
  4 bats
  An endoplasm (D:1)
  5 giant cockroaches
  6 goblins
  3 hobgoblins (D:1)
  2 jackals (D:1)
  4 kobolds (D:1)
  3 quokkas
  2 frilled lizards
  4 rats
46 creatures vanquished.

Notes
Turn   | Place    | Note
-------+----------+-------------------------------------------
     0 | D:1      | vvl the Octopode Venom Mage began the quest for the Orb.
     0 | D:1      | Reached XP level 1. HP: 11/11 MP: 3/3
   190 | D:1      | Reached XP level 2. HP: 11/17 MP: 1/5
   322 | D:1      | Found Querode's Antique Armour Shop.
   631 | D:1      | Reached XP level 3. HP: 22/22 MP: 0/6
  1141 | D:2      | Reached skill level 1 in Fighting
  1141 | D:2      | Reached skill level 1 in Unarmed Combat
  1217 | D:2      | Found a faded altar of an unknown god.
  1224 | D:2      | Found a burning altar of Makhleb.
  1273 | D:2      | Became a worshipper of Makhleb the Destroyer
  1556 | D:2      | Reached skill level 4 in Poison Magic
  1556 | D:2      | Reached XP level 4. HP: 28/28 MP: 4/7
  2362 | D:3      | Slain by an orc

Illustrated notes

Levels and vault maps discovered:
D:1:      dpeg_arrival_tiny_g, layout_rooms, serial_shops, nicolae_diamond_shop,
          minmay_pentomino_s4
D:2:      layout_loops_ring, basic_altar,
          hellmonk_ecumenical_altar_leap_of_faith
D:3:      layout_loops_corners, makhleb_altar_promises_db

Skill      XL: |  1  2  3 |
---------------+----------+-----
Stealth        | 3 |  3.0
Fighting       | 1 |  1.2
Unarmed Combat | 1 |  1.2
Poison Magic   | 4 |  4.0
Dodging        | |  2.5
Spellcasting   | |  2.4
Transmutations | |  1.7
Invocations    | |  0.3

Action                   |  1- 3 |  4- 6 || total
-------------------------+-------+-------++-------
Melee: Unarmed           |    71 |    28 ||    99
       Constrict         |    18 |     8 ||    26
       Tentacles         |    13 |     5 ||    18
 Cast: Sting             |    19 |     9 ||    28
  Use: Scroll            |       |     3 ||     3
 Stab: Sleeping          |     6 |     2 ||     8
Armor: Skin              |     6 |     2 ||     8
Dodge: Dodged            |    45 |    16 ||    61
